 Dungeon Crawl Stone Soup version 0.24.0-37-gcf1ca852f1 (webtiles) character file.

Game seed: 1896769006214858851, levelgen mode: deterministic

46 sankara the Digger (level 3, 0/19 HPs)
             Began as a Gargoyle Earth Elementalist on Nov 30, 2019.
             Slain by a worm (10 damage)
             ... on level 2 of the Dungeon.
             The game lasted 00:03:47 (1175 turns).

sankara the Digger (Gargoyle Earth Elementalist)    Turns: 1175, Time: 00:03:48

Health: 0/19       AC:  5    Str: 11    XL:     3   Next: 68%
Magic:  6/6        EV: 12    Int: 16    God:
Gold:   108        SH:  0    Dex: 10    Spells: 3/6 levels left

rFire    . . .     SeeInvis .   a - +0 mace
rCold    . . .     Gourm    .   (no shield)
rNeg     + . .     Faith    .   c - +0 robe
rPois    ∞         Spirit   .   (no helmet)
rElec    +         Reflect  .   (no cloak)
rCorr    .         Harm     .   (no gloves)
MR       .....                  (no boots)
Stlth    ++........             (no amulet)
HPRegen  0.06/turn              (no ring)
MPRegen  0.10/turn              (no ring)

@: no status effects
A: negative energy resistance 1, electricity resistance, unbreathing,
petrification resistance, rot immunity, AC +3
a: no special abilities


You were on level 2 of the Dungeon.
You were not hungry.

You visited 1 branch of the dungeon, and saw 2 of its levels.

You collected 108 gold pieces.

Inventory:

Hand Weapons
 a - a +0 mace (weapon)
 l - a +1 dagger of draining
Missiles
 b - 163 stones (quivered)
 n - 6 boomerangs of dispersal
Armour
 c - a +0 robe (worn)
Scrolls
 f - a scroll of remove curse {unknown}
 g - 2 scrolls of identify {unknown}
 h - a scroll of teleportation {unknown}
 j - 3 scrolls of enchant weapon {unknown}
Potions
 e - a potion of degeneration {unknown}
 i - a potion of ambrosia {unknown}
 m - a potion of magic {unknown}
Comestibles
 d - 4 rations
 k - 10 chunks of flesh


   Skills:
 + Level 2.7 Maces & Flails
 - Level 1.5 Dodging
 - Level 2.1 Stealth
 - Level 2.0 Spellcasting
 - Level 0.7 Transmutations
 - Level 4.1 Earth Magic


You had 3 spell levels left.
You knew the following spells:

 Your Spells              Type           Power        Failure   Level  Hunger
a - Sandblast             Erth           ##....       3%          1    #......
b - Passwall              Tmut/Erth      #.......     12%         2    ###....

Your spell library contained the following spells:

 Spells                   Type           Power        Failure   Level  Hunger
 Stone Arrow              Conj/Erth      #.....       26%         3    ###....
 Petrify                  Tmut/Erth      #.......     58%         4    #####..
 Lee's Rapid Deconstruct  Erth           ##........   71%         5    ######.


Dungeon Overview and Level Annotations

Branches:
Dungeon (2/15)

Altars:
The Shining One


Innate Abilities, Weirdness & Mutations

You are resistant to torment.
Your stone body is resilient. (AC +3)
You are immune to poison.
You resist negative energy. (rN+)
You are resistant to electric shocks. (rElec)
You can survive without breathing.
You are immune to petrification.
You are immune to rotting.


Message History

You closely miss the hobgoblin.
The hobgoblin is moderately wounded.
The hobgoblin hits you but does no damage.
The giant cockroach barely misses you. The hobgoblin closely misses you.
You hit the hobgoblin.
The hobgoblin is almost dead.
The giant cockroach bites you but does no damage.
The hobgoblin hits you but does no damage.
The giant cockroach closely misses you.
You hit the hobgoblin.
You kill the hobgoblin!
The giant cockroach waves its antennae.
The giant cockroach closely misses you.
You closely miss the giant cockroach.
The giant cockroach bites you but does no damage.
The giant cockroach bites you.
You barely miss the worm. The giant cockroach barely misses you.
The worm bites you!
Ouch! That really hurt!
You die...

. ...............#
#.#.####..##.....#
#............# .#
#......##w##.###.#
...>...+.........####
.......##............ #####
....... #.###........ ....#
.......##............ ....#
......s@w............ ....#
....##.##.###.....### ....#
. ##.##.##......# ....#
.+................
.#+####..
.#####(##.....#..<
.....##.. .## #.###..###...
.#.#.....####.####.........
..
.#.#.###.#................#
..............#####.##.##.#


You could see a worm and a giant cockroach.

Vanquished Creatures
  2 adders (D:2)
  A dart slug (D:2)
  A leopard gecko (D:1)
  A bat (D:1)
  5 hobgoblins
  2 jackals (D:2)
  A frilled lizard (D:1)
  7 goblins
  2 kobolds (D:1)
  2 rats
24 creatures vanquished.

Notes
Turn   | Place    | Note
-------+----------+-------------------------------------------
     0 | D:1      | sankara the Gargoyle Earth Elementalist began the quest for
                  | the Orb.
     0 | D:1      | Reached XP level 1. HP: 10/10 MP: 3/3
    43 | D:1      | Reached skill level 4 in Earth Magic
   173 | D:1      | Reached XP level 2. HP: 15/15 MP: 5/5
   208 | D:1      | Learned a level 2 spell: Passwall
   300 | D:1      | Reached skill level 1 in Maces & Flails
  1003 | D:2      | Found a glowing golden altar of the Shining One.
  1007 | D:2      | Reached XP level 3. HP: 19/19 MP: 3/6
  1175 | D:2      | Slain by a worm

Levels and vault maps discovered:
D:1:      dpeg_arrival_morbid_curiosity, layout_basic
D:2:      layout_basic, old_standard_altar, lemuel_doored_altar

Skill      XL: |  1  2 |
---------------+-------+-----
Earth Magic    | 4 |  4.1
Maces & Flails | 2 |  2.7
Dodging        | |  1.5
Stealth        | |  2.1
Spellcasting   | |  2.0
Transmutations | |  0.7

Action                   || total
-------------------------++-------
Melee: Mace              ||    64
 Cast: Sandblast         ||    11
 Stab: Sleeping          ||     2
  Eat: Chunk             ||     1
Armor: Robe              ||    24
Dodge: Dodged            ||    50
